AoeStats
← zack

Arena

505239352Analyzed
4v4 RM · 2mo ago on Sep 8, 2026· 41m 39s· 8 players
Game mode
Random Map
Map size
Large (8 player)
Population
200
Speed
Normal
Resources
Standard
Victory
Conquest
Starting age
Dark Age
Ending age
Imperial Age
RankedLock teamsTeams togetherTeam positionsShared explorationLock speedFull tech treeHidden civsTurbo modeCheats
Victory
Defeat
🇨🇳 Persians · China
1170
+17
🇨🇳 Franks · China
1166
+18
🇨🇳 Wu · China
1159
+18
🇻🇳 Celts · Vietnam
1140
+19
vs
🇨🇳 Wei · China
1225
-19
🇨🇳 Italians · China
1225
-19
🇨🇳 Bohemians · China
1175
-17
🇦🇷 Teutons · Argentina
1171
-17
Express
10:49 Feudal Age
15:15 Castle Age
13:35 Double-Bit Axe
14:22 Gold Mining
14:36 Stone Mining
16:42 Bow Saw
17:20 Loom
22:03 Wheelbarrow
23:19 Gold Shaft Mining
24:37 Forging
26:00 Iron Casting
25:34 Husbandry
26:42 Padded Archer Armor
27:40 Leather Archer Armor
33:32 Imperial Age
33:58 Heavy Scorpion
34:13 Cavalier
35:40 Hand Cart
37:26 Elite Throwing Axeman
38:55 #83
40:48 Blast Furnace
41:52 Chemistry
zack
10:38 Feudal Age
21:17 Castle Age
20:04 Scale Mail Armor
19:53 Double-Bit Axe
21:30 Horse Collar
23:36 Heavy Plow
23:48 Bow Saw
24:14 Gold Mining
25:39 Forging
26:15 Fletching
28:38 Bodkin Arrow
29:52 Chain Mail Armor
31:33 Gold Shaft Mining
32:12 Wheelbarrow
32:48 Padded Archer Armor
38:11 Iron Casting
40:30 Hand Cart
40:11 Stone Mining
43:17 Imperial Age
Longlonglong
11:21 Feudal Age
15:20 Castle Age
23:21 Double-Bit Axe
23:18 Horse Collar
29:05 Gold Mining
29:44 Scale Barding Armor
29:49 Forging
32:08 Chain Barding Armor
32:24 Iron Casting
32:02 Husbandry
32:13 Bloodlines
36:44 Imperial Age
36:35 Cavalier
37:53 Plate Barding Armor
38:18 Blast Furnace
38:07 Savar
38:46 Light Cavalry
40:52 Gold Shaft Mining
40:23 Stone Mining
halong1301
11:02 Feudal Age
12:18 Loom
14:51 Castle Age
13:25 Double-Bit Axe
14:41 Horse Collar
16:48 Bow Saw
21:40 Heavy Plow
22:40 Scale Mail Armor
26:03 Chain Mail Armor
28:14 Stone Mining
28:15 Gold Mining
32:49 Imperial Age
31:24 Gold Shaft Mining
32:04 Forging
32:54 Capped Ram
35:13 Siege Ram
36:58 Plate Mail Armor
37:03 Iron Casting
39:03 Furor Celtica
40:16 Elite Woad Raider
Parasito del sistema
5:23 Loom
9:57 Feudal Age
10:33 Double-Bit Axe
13:52 Fletching
25:14 Castle Age
23:47 Horse Collar
23:58 Gold Mining
26:11 Bow Saw
27:05 Guard Tower
27:47 Bodkin Arrow
29:02 Scale Barding Armor
31:19 Chain Barding Armor
32:40 Forging
Takeda-Shingen
10:34 Feudal Age
11:33 Horse Collar
15:09 Castle Age
14:01 Double-Bit Axe
21:26 Imperial Age
21:24 Chemistry
22:45 Bow Saw
23:03 Heavy Plow
25:49 Wheelbarrow
28:14 Pikeman
29:55 Fervor
30:24 Squires
32:34 Hand Cart
34:48 Forging
34:39 Scale Mail Armor
36:23 Halberdier
38:25 Iron Casting
41:31 Blast Furnace
602406569
0:32 Loom
14:23 Feudal Age
15:01 Horse Collar
15:11 Double-Bit Axe
21:52 Castle Age
20:34 Gold Mining
22:52 Thumb Ring
24:18 Forging
27:07 Ballistics
33:45 Imperial Age
32:38 Bow Saw
32:32 Heavy Plow
32:27 Stone Mining
33:49 Iron Casting
33:05 Fletching
35:27 Chemistry
35:32 Blast Furnace
35:01 Squires
35:00 Bodkin Arrow
35:30 Conscription
36:09 Wheelbarrow
36:40 Elite Genoese Crossbowman
39:34 Bracer
40:33 Husbandry
40:43 Bloodlines
39:55 Light Cavalry
41:51 Two-Man Saw
40:56 Scale Mail Armor
zzx
8:58 Feudal Age
9:24 Double-Bit Axe
9:22 Horse Collar
10:14 Gold Mining
11:37 Stone Mining
13:38 Wheelbarrow
17:46 Castle Age
16:41 Fletching
18:23 Bodkin Arrow
19:08 Gold Shaft Mining
18:47 Bow Saw
19:28 Loom
20:16 Heavy Plow
21:45 Bloodlines
22:15 Husbandry
23:28 Thumb Ring
25:27 Ballistics
25:20 Padded Archer Armor
28:27 Hand Cart
28:53 Stone Shaft Mining
31:06 Leather Archer Armor
35:12 Imperial Age
36:49 Bracer
37:53 Chemistry
37:21 Parthian Tactics
37:24 Ming Guang Armor
37:20 Conscription
Connection lost

Rejoining the realm…

Still unreachable

The connection could not be restored.

Session expired

The server has moved on; the page needs a fresh start.